 Dungeon Crawl Stone Soup version 0.16-a0-3228-ge148b08 (webtiles) character file.

14 Miyamura the Sneak (level 2, 0/25 HPs)
             Began as a Naga Wizard on Dec 21, 2014.
             Slain by a jackal (3 damage)
             ... on level 2 of the Dungeon.
             The game lasted 00:03:00 (1164 turns).

Miyamura the Sneak (Naga Wizard)                    Turns: 1164, Time: 00:03:00

Health: 0/25       AC:  1    Str:  9    XL:     2   Next: 45%
Magic:  0/6        EV: 10    Int: 18    God:
Gold:   33         SH:  0    Dex:  9    Spells: 4 memorised, 0 levels left

rFire  . . .     SeeInvis +     m - +0 whip
rCold  . . .     Clarity  .     a - +0 robe
rNeg   . . .     SustAb   .     (no shield)
rPois  +         Gourm    .     b - +0 hat
rElec  .         Spirit   .     (no cloak)
rCorr  .         Warding  .     (no gloves)
rMut   .         Stasis   .     (no barding)
MR     .....                    (no amulet)
Stlth  ++........               (no ring)
                                (no ring)

@: short of breath, very slow, not resistant to hostile enchantments, unstealthy
A: spit poison, see invisible, deformed body, poison resistance, slowness 2
a: Spit Poison


You were on level 2 of the Dungeon.
You were hungry.

You visited 1 branch of the dungeon, and saw 2 of its levels.

You collected 33 gold pieces.

Inventory:

Hand weapons
 m - a +0 whip (weapon)
Armour
 a - a +0 robe (worn)
 b - a +0 hat (worn)
Scrolls
 f - 2 scrolls of enchant armour {unknown}
 g - a scroll of recharging {unknown}
 i - a scroll of fog {unknown}
 k - a scroll of immolation {unknown}
Potions
 e - a potion of mutation {unknown}
 h - a potion of magic {unknown}
 j - a potion of degeneration {unknown}
 l - a potion of flight {unknown}
 n - 2 potions of heal wounds {unknown}
Books
 c - a book of Minor Magic

   Spells                             Type                      Level
   a - Magic Dart                     Conjuration                  1
   b - Blink                          Translocation                2
   c - Call Imp                       Summoning                    2
   d - Repel Missiles                 Charms/Air                   2
   e - Slow                           Hexes                        2
   f - Conjure Flame                  Conjuration/Fire             3
   g - Mephitic Cloud                 Conjuration/Poison/Air       3
Comestibles
 d - a bread ration


   Skills:
 + Level 1.0 Fighting
 + Level 2.0 Dodging
 - Level 3.0 Stealth
 + Level 3.0 Spellcasting
 + Level 1.2 Conjurations
 + Level 0.0 Charms
 + Level 1.0 Summonings
 + Level 1.1 Translocations


You couldn't memorise any spells.
You knew the following spells:

 Your Spells              Type           Power        Failure   Level  Hunger
a - Magic Dart            Conj           #...         12%         1    None
b - Blink                 Tloc           N/A          17%         2    ##.....
c - Repel Missiles        Chrm/Air       #.....       28%         2    ##.....
d - Call Imp              Summ           #.......     17%         2    ##.....


Dungeon Overview and Level Annotations

Branches:
Dungeon (2/15)

Altars:


Innate Abilities, Weirdness & Mutations

You cannot wear boots.
You can spit poison.
You have supernaturally acute eyesight.
Armour fits poorly on your strangely shaped body.
Your system is resistant to poisons.
You cover ground very slowly.


Message History

Press: ? - help, Shift-Dir - straight line, f/p - jackal
Aim: a jackal (severely wounded)
The magic dart hits the jackal.
The jackal is almost dead.
The jackal misses you. The jackal bites you.
* * * LOW HITPOINT WARNING * * *
Use which ability? (? or * to list)
You can't do that.
Use which ability? (? or * to list)
Press: ? - help, Shift-Dir - straight line, f/p - jackal
Aim: a jackal (almost dead)
The splash of poison misses the jackal.
You feel slightly more hungry. The jackal closely misses you.
You are too injured to fight recklessly!
You barely miss the jackal.
The jackal is almost dead.
The jackal bites you.
* * * LOW HITPOINT WARNING * * *
The jackal bites you.
You die...

##.######.....# ####
............. #...
.#......... #...
#.........##+# ####...
#....<....# .......
######+####..# .......
#.........#..#
........###..........###.#
........h@'..............#
........###...........####
h.##### #############


You could see a jackal.

Vanquished Creatures
  A bat (D:1)
  2 giant cockroaches (D:1)
  A goblin (D:1)
  2 hobgoblins (D:1)
  2 jackals (D:2)
  A kobold (D:1)
  3 rats (D:1)
12 creatures vanquished.

Notes
Turn   | Place    | Note
--------------------------------------------------------------
     0 | D:1      | Miyamura, the Naga Wizard, began the quest for the Orb.
     0 | D:1      | Reached XP level 1. HP: 15/15 MP: 4/4
   405 | D:1      | Reached XP level 2. HP: 12/24 MP: 4/6
   409 | D:1      | Learned a level 2 spell: Blink
   728 | D:1      | Learned a level 2 spell: Repel Missiles
   731 | D:1      | Learned a level 2 spell: Call Imp
  1149 | D:2      | Reached skill level 1 in Fighting
  1164 | D:2      | Slain by a jackal

Action                   || total
-------------------------++-------
Melee: Mace              ||    18
       Whip              ||    12
 Cast: Magic Dart        ||    17
 Abil: Spit Poison       ||     3
